 Dungeon Crawl Stone Soup version 0.27-a0-860-gaf99fae3ca (webtiles) character file.

Game seed: 10287864623110537863

429 rageheart7 the Destroyer (level 6, -4/32 HPs)
             Began as a Tengu Conjurer on Apr 1, 2021.
             Was an Initiate of Vehumet.
             Slain by an iguana (7 damage)
             ... on level 5 of the Dungeon.
             The game lasted 00:06:05 (4385 turns).

rageheart7 the Destroyer (Tengu Conjurer)           Turns: 4385, Time: 00:06:05

Health: -4/32      AC:  5    Str:  7    XL:     6   Next: 98%
Magic:  6/14       EV: 13    Int: 20    God:    Vehumet [......]
Gold:   236        SH:  0    Dex: 13    Spells: 11/14 levels left

rFire    . . .     SeeInvis .   l - +3 whip (vamp)
rCold    . . .     Faith    .   (no shield)
rNeg     . . .     Spirit   .   b - +2 leather armour {rPois}
rPois    +         Reflect  .   (helmet restricted)
rElec    .         Harm     .   (no cloak)
rCorr    .         Rampage  .   (no gloves)
Will     .....                  (boots unavailable)
Stlth    ++........             (no amulet)
HPRegen  0.10/turn              f - ring of poison resistance
MPRegen  0.14/turn              (no ring)

@: flying quickly and evasively, quick
A: beak, talons 3, nimble flight
a: Renounce Religion


You were on level 5 of the Dungeon.
You worshipped Vehumet.
Vehumet was noncommittal.
You visited 2 branches of the dungeon, and saw 6 of its levels.

You collected 236 gold pieces.

Inventory:

Hand Weapons
 l - a +3 vampiric whip (weapon)
Armour
 b - a +2 leather armour of poison resistance (worn)
Jewellery
 f - a ring of poison resistance (left hand)
Wands
 n - a wand of iceblast (3)
Scrolls
 d - a scroll of immolation
 k - 3 scrolls of identify
 p - a scroll of teleportation
 q - a scroll of enchant armour
Potions
 c - a potion of resistance
 h - a potion of cancellation {unknown}
 j - a potion of attraction {unknown}
 o - a potion of invisibility {unknown}
 r - a potion of flight {unknown}
 s - a potion of degeneration {unknown}
 t - a potion of might {unknown}


   Skills:
 - Level 2.1 Dodging
 - Level 2.0 Stealth
 * Level 4.8 Spellcasting
 * Level 8.4 Conjurations


You had 11 spell levels left.
You knew the following spells:

 Your Spells              Type           Power      Damage    Failure   Level
a - Magic Dart            Conj           100%       1d8       1%          1
b - Searing Ray           Conj           76%        3d6       1%          2

Your spell library contained the following spells:

 Spells                   Type           Power      Damage    Failure   Level
 Conjure Flame            Conj/Fire      21%        6-21      10%         3
 Dazzling Flash           Conj/Hex       42%        N/A       10%         3
 Mephitic Cloud           Conj/Pois/Air  16%        N/A       17%         3
 Animate Skeleton         Necr           8%         N/A       19%         1
 Apportation              Tloc           8%         N/A       19%         1
 Beastly Appendage        Tmut           8%         N/A       19%         1
 Corona                   Hex            4%         N/A       19%         1
 Summon Small Mammal      Summ           16%        N/A       19%         1
 Blink                    Tloc           N/A        N/A       26%         2
 Call Imp                 Summ           4%         N/A       26%         2
 Slow                     Hex            4%         N/A       26%         2
 Wereblood                Tmut           4%         N/A       26%         2
 Fulminant Prism          Conj/Hex       10%        3d9       30%         4
 Iskenderun's Mystic Bla  Conj/Tloc      21%        2d6       30%         4
 Spider Form              Tmut/Pois      2%         N/A       47%         3
 Ice Form                 Ice/Tmut       4%         N/A       87%         4
 Hydra Form               Tmut           2%         N/A       99%         5


Dungeon Overview and Level Annotations

Branches:
Dungeon (5/15)             Temple (1/1) D:4

Altars:
Ashenzari
Dithmenos
Elyvilon
Fedhas
Gozag
Hepliaklqana
Kikubaaqudgha
Makhleb
Qazlal
Ru
Sif Muna
Trog
Uskayaw
Vehumet
Wu Jian
Xom
Zin

Shops:
D:5 :


Innate Abilities, Weirdness & Mutations

You have a beak for a mouth.
You have claws for feet.
Your magical nature lets you fly swiftly and evasively.


Message History

The searing ray hits the scorpion.
The scorpion is moderately wounded.
The searing ray hits the scorpion!
The scorpion is almost dead.
The scorpion stings you but does no damage.
The searing ray hits the scorpion.
You kill the scorpion!
Vehumet accepts your kill.
You finish channeling your searing ray.
You see here a scorpion corpse.
An orc comes into view. It is wielding a +0 flail.
The orc shouts!
You see here 15 gold pieces.
You now have 236 gold pieces (gained 15).
An orc wizard comes into view. It is wielding a +0 dagger.
The orc wizard shouts! x2; The orc shouts!
Found a lead wand.
The orc wizard points at itself and mumbles some strange words.
The orc wizard flickers and vanishes!
Deactivating autopickup; reactivate with Ctrl-A.
Found a stone staircase leading down.
The orc wizard points at itself and mumbles some strange words.
The orc wizard flickers and vanishes!
You are confused.
You're too confused to move!
You hear the slow hiss of a distant avalanche of sand.
A puff of flame appears from out of thin air!
The puff of flame hits you!
* * * LOW HITPOINT WARNING * * *
You bump into the rock wall.
You feel less confused.
A jelly comes into view.
Found a metal-bound book.
An iguana comes into view.
The iguana hisses angrily.
A water moccasin skeleton comes into view.
Okay, then.
The iguana closely misses you. The iguana bites you!
You die...

***,..,,,,,* #.#####***,,******
*,,,,,,,,* #.....#*,,,,,,,,,*
*,,,,,,,,####.....#*,,,,,,,,,*
*,,,,,,,,+....o...#*,,,,,,,,,*
*,,,,,,,,#####....#*,.,,,,,,,*
*,,,,,,,,** #o...##...,,,,,,*
*,,*****,,***#.........,,,,,,*
*+*******+,,,#....##Z..,,,,,,**
**,,,*,,,***,#@l..#*,.,,,,,,,+,
*,>,*,>,* *,#....#*,,,,,,,,,**
*,,,*,,,* *,#....#*,,,,,,,,,*
********* *,#....#***********
*,,,*,,,***,#....#
*,∩,*,>,**,,#.####
**,,,*,,,****#.#
*+*******+,,,..#
*,,*****,,,*****


You could see an iguana and 2 orcs.

Vanquished Creatures
  Blork the orc (D:4)
  A scorpion (D:5)
  A water moccasin zombie (D:5)
  A howler monkey (D:5)
  2 hounds (D:5)
  An orc wizard (D:5)
  4 adders
  An adder skeleton (D:5)
  A worm (D:2)
  4 dart slugs
  3 orcs (D:5)
  2 ball pythons (D:4)
  6 endoplasms
  6 giant cockroaches
  10 goblins
  7 hobgoblins
  5 jackals
  A quokka (D:3)
  2 bats
  3 frilled lizards
  3 kobolds
  4 rats
69 creatures vanquished.

Notes
Turn   | Place    | Note
-------+----------+-------------------------------------------
     0 | D:1      | rageheart7 the Tengu Conjurer began the quest for the Orb.
     0 | D:1      | Reached XP level 1. HP: 10/10 MP: 4/4
   226 | D:1      | Reached XP level 2. HP: 15/15 MP: 1/6
   880 | D:1      | Reached XP level 3. HP: 19/19 MP: 3/7
  1084 | D:1      | Reached skill level 6 in Conjurations
  1384 | D:2      | Learned a level 2 spell: Searing Ray
  1419 | D:2      | Found a faded altar of an unknown god.
  1865 | D:2      | Reached XP level 4. HP: 24/24 MP: 4/9
  2264 | D:3      | Found a glowing silver altar of Zin.
  3122 | D:4      | Noticed Blork the orc
  3128 | D:4      | Killed Blork the orc
  3129 | D:4      | Reached skill level 7 in Conjurations
  3129 | D:4      | Gained mutation: Your magical nature lets you fly swiftly
                  | and evasively. [Tengu growth]
  3129 | D:4      | Reached XP level 5. HP: 13/28 MP: 2/11
  3408 | D:4      | Found a staircase to the Ecumenical Temple.
  3420 | Temple   | Entered the Ecumenical Temple
  3617 | Temple   | Became a worshipper of Vehumet
  4162 | D:5      | Entered Level 5 of the Dungeon
  4190 | D:5      | Reached XP level 6. HP: 24/32 MP: 3/13
  4274 | D:5      | Reached skill level 8 in Conjurations
  4282 | D:5      | Found Sasmod's Book Boutique.
  4366 | D:5      | HP: 1/32 [something/puff of flame (9)]
  4385 | D:5      | Slain by an iguana

Illustrated notes

Levels and vault maps discovered:
D:1:      dpeg_arrival_boxes_within_box, layout_loops_ring,
          minmay_tree_intersection, minmay_three_crescents
D:2:      layout_basic, basic_ecumenical_altar
D:3:      layout_basic, lemuel_round_altar
D:4:      layout_gridville, minmay_temple_entry_slanted, uniq_blork_the_orc
D:5:      layout_basic, grunt_temple_overflow_holy_war,
          nicolae_ossuary_entry_false_entrances, serial_shops, shop,
          minmay_misc_feat_plants, mrwooster_statue_mirror
Temple:   eino_temple_scatter_basement

Skill      XL: |  1  2  3  4  5  6 |
---------------+-------------------+-----
Conjurations   | 6 7 8 |  8.4
Spellcasting   | 3 4 |  4.8
Dodging        | |  2.1
Stealth        | |  2.0

Action                   |  1- 3 |  4- 6 || total
-------------------------+-------+-------++-------
Melee: Unarmed           |     5 |       ||     5
       Kick              |     1 |     1 ||     2
       Dagger            |     2 |       ||     2
       Peck              |     1 |     1 ||     2
       Whip              |       |     9 ||     9
 Cast: Magic Dart        |    70 |    53 ||   123
       Searing Ray       |       |     7 ||     7
  Use: Scroll            |       |     8 ||     8
       Potion            |       |     1 ||     1
Armor: Leather armour    |       |     5 ||     5
Dodge: Dodged            |     3 |    18 ||    21

Table legend: (Time is in decaauts)
 A = Elapsed time spent in this place.
 B = Non-inter-level travel time spent in this place.
 C = Inter-level travel time spent in this place.
 D = Time resting spent in this place.
 E = Time spent auto-exploring this place.
 F = Levels seen in this place.
 G = Mean time per level.
                   A        B        C        D        E       F      G
               +--------+--------+--------+--------+--------+-----+--------+
         Total |   4306 |   4155 |    151 |      0 |   3738 |   6 |  717.7 |
       Dungeon |   4105 |   3978 |    127 |      0 |   3568 |   5 |  821.0 |
        Temple |    200 |    176 |     24 |      0 |    170 |   1 |  200.0 |
               +--------+--------+--------+--------+--------+-----+--------+

Top non-repeatable levels by time:
     D:1: 1241 daAuts
     D:2: 968 daAuts
     D:3: 856 daAuts
     D:4: 848 daAuts
  Temple: 200 daAuts
     D:5: 190 daAuts
